 Dungeon Crawl Stone Soup version 0.29.0-4-gdea44cf6ec (webtiles) character file.

Game seed: 7512142013496931049

72 qw the Chopper (level 4, -2/26 HPs)
             Began as a Tengu Warper on Aug 28, 2022.
             Slain by a gnoll
             ... wielding a +0 halberd
              (10 damage)
             ... on level 3 of the Dungeon.
             The game lasted 00:00:14 (2596 turns).

qw the Chopper (Tengu Warper)                       Turns: 2596, Time: 00:00:15

Health: -2/26      AC: 10    Str: 13    XL:     4   Next: 25%
Magic:  8/8        EV:  3    Int: 14    God:
Gold:   128        SH:  6    Dex: 13    Spells: 7/7 levels left

rFire   . . .      SeeInvis .   c - +2 war axe (venom)
rCold   . . .      Faith    .   i - +2 buckler
rNeg    . . .      Spirit   .   f - +0 plate armour
rPois   .          Reflect  .   (helmet restricted)
rElec   .          Harm     .   (no cloak)
rCorr   .          Rampage  .   (no gloves)
Will    .....                   (boots unavailable)
Stlth   ..........              (no amulet)
HPRegen 0.08/turn               (no ring)
MPRegen 0.11/turn               (no ring)

@: no status effects
A: beak, talons 3
a: no special abilities


You were on level 3 of the Dungeon.
You visited 1 branch of the dungeon, and saw 3 of its levels.

You collected 128 gold pieces.


Innate Abilities, Weirdness & Mutations

You have a beak for a mouth.
You have claws for feet.


   Skills:
 - Level 2.0 Fighting
 + Level 4.2 Axes
 - Level 1.0 Throwing
 - Level 2.0 Armour
 - Level 2.1 Dodging
 - Level 1.0 Shields
 - Level 2.0 Spellcasting
 - Level 2.4 Translocations


You had 7 spell levels left.
You didn't know any spells.
Your spell library contained the following spells:

 Spells                   Type           Power      Damage    Failure   Level
 Blink                    Tloc           16%        N/A       100%        2
 Gell's Gravitas          Tloc           8%         N/A       100%        3
 Lesser Beckoning         Tloc           8%         N/A       100%        3
 Teleport Other           Tloc           8%         N/A       100%        3
 Manifold Assault         Tloc           8%         N/A       100%        5

Inventory:

Hand Weapons
 c - a +2 war axe of venom (weapon)
 j - a +2 antimagic whip
Armour
 f - a +0 plate armour (worn)
 i - a +2 buckler (worn)
Scrolls
 a - a scroll of identify
Potions
 b - a potion of lignification {unknown}
 e - a potion of cancellation
 g - 2 potions of curing
 k - a potion of invisibility {unknown}
 m - a potion of resistance {unknown}

Dungeon Overview and Level Annotations

Branches:
Dungeon (3/15)

Altars:


Message History

Enter note:
2578 ||| SWAPPING to +2 war axe of venom.
Your +2 war axe of venom begins to drip with poison!
c - a +2 war axe of venom (weapon)
2579 ||| DROPPING +0 vorpal war axe.
You drop a +0 vorpal war axe.
A rat comes into view.
The rat moves out of view.
You hit the rat.
You kill the rat!
A gnoll comes into view. It is wielding a +0 halberd.
The gnoll shouts!
You hear a shout! x2
The gnoll moves out of view.
A gnoll comes into view. It is wielding a +0 halberd.
The gnoll shouts!
The gnoll hits you but does no damage.
You closely miss the gnoll. You claw the gnoll.
The gnoll is lightly wounded.
The gnoll hits you with a +0 halberd.
A gnoll comes into view. It is wielding a +0 whip.
You slash the gnoll! You claw the gnoll, but do no damage.
The gnoll is almost dead.
The gnoll hits you with a +0 halberd. The gnoll barely misses you.
You block the gnoll's attack.
The gnoll hits you from afar with a +0 halberd.
You hit the gnoll.
You kill the gnoll!
The gnoll hits you but does no damage. The gnoll barely misses you.
You block the gnoll's attack.
You see here a +0 halberd.
You closely miss the gnoll. You claw the gnoll.
The gnoll is heavily wounded.
You closely miss the gnoll. The gnoll hits you with a +0 whip.
The gnoll barely misses you. The gnoll hits you but does no damage.
The gnoll hits you with a +0 whip.
You slash the gnoll!
You kill the gnoll!
You hit the gnoll.
The gnoll is poisoned.
You hear an angry hiss.
The gnoll hits you with a +0 halberd!
You die...

.. #. .. #.# #. #. #.#
.##. # #.# ..#. #.###
#.# #.#. #.... #.####.#.
##.)## #.##.#.#.
###..g@########........
+..............)........
####...8...#######....##
##...}..# ##.#.#
.....8..## #....##
#.###....# #.#.... #
###..# #.#.### #..#
....# ...# .. .#


You could see a gnoll (very poisoned).

Vanquished Creatures
  2 gnolls (D:3)
  A worm (D:2)
  9 ball pythons
  6 bats
  4 endoplasms (D:2)
  3 giant cockroaches
  6 goblins
  3 hobgoblins (D:2)
  9 jackals (D:2)
  A quokka (D:2)
  2 frilled lizards
  4 kobolds (D:1)
  2 rats
52 creatures vanquished.

Notes
Turn   | Place    | Note
-------+----------+-------------------------------------------
     0 | D:1      | qw the Tengu Warper began the quest for the Orb.
     0 | D:1      | Reached XP level 1. HP: 12/12 MP: 4/4
     0 | D:1      | 0 ||| qw: Version: 0.1-a-89-g26bdef1
     0 | D:1      | 0 ||| qw: Game counter: 2483
     0 | D:1      | 0 ||| qw: Always use a shield: true
     0 | D:1      | 0 ||| qw: God list: Okawaru
     0 | D:1      | 0 ||| qw: Allow faded altars: false
     0 | D:1      | 0 ||| qw: Do Orc after D:15 true
     0 | D:1      | 0 ||| qw: Do second Lair branch before Depths: true
     0 | D:1      | 0 ||| qw: Lair rune preference: random
     0 | D:1      | 0 ||| qw: Plans: Normal
     0 | D:1      | 0 ||| PLANNING D:1-11
   284 | D:1      | 284 ||| Stepping ~*~*~tactically~*~*~ (stealth).
   290 | D:1      | Reached XP level 2. HP: 17/17 MP: 6/6
   295 | D:1      | Reached skill level 3 in Axes
   889 | D:1      | 889 ||| DROPPING +0 club.
  1126 | D:1      | 1126 ||| UPGRADING to +0 plate armour.
  1136 | D:1      | 1136 ||| DROPPING +0 leather armour.
  1137 | D:1      | 1137 ||| UPGRADING to +2 buckler.
  1142 | D:1      | 1142 ||| READING scroll labelled VUMIKU LURASO.
  1142 | D:1      | Identified a scroll of acquirement
  1142 | D:1      | 1142 ||| ACQUIRING +0 vorpal war axe
  1142 | D:1      | Acquired a +0 vorpal war axe
  1144 | D:1      | 1144 ||| SWAPPING to +0 vorpal war axe.
  1145 | D:1      | 1145 ||| DROPPING +0 hand axe.
  1146 | D:1      | 1146 ||| DRINKING 2 pink potions.
  1147 | D:1      | 1147 ||| DRINKING 2 bubbling sapphire potions.
  1148 | D:1      | 1148 ||| DROPPING scroll of blinking.
  1227 | D:2      | 1227 ||| Stepping ~*~*~tactically~*~*~ (stealth).
  1246 | D:2      | 1246 ||| Stepping ~*~*~tactically~*~*~ (stealth).
  1254 | D:2      | 1254 ||| Stepping ~*~*~tactically~*~*~ (stealth).
  1255 | D:2      | 1255 ||| Stepping ~*~*~tactically~*~*~ (stealth).
  1258 | D:2      | Reached skill level 1 in Shields
  1266 | D:2      | Reached XP level 3. HP: 21/21 MP: 7/7
  1744 | D:2      | Found a faded altar of an unknown god.
  1765 | D:2      | Reached skill level 4 in Axes
  1766 | D:2      | 1766 ||| FLEEEEING.
  1767 | D:2      | 1767 ||| FLEEEEING.
  1768 | D:2      | 1768 ||| FLEEEEING.
  1769 | D:2      | 1769 ||| FLEEEEING.
  1892 | D:2      | HP: 5/21 [jackal (3)]
  2267 | D:2      | Reached XP level 4. HP: 26/26 MP: 8/8
  2530 | D:2      | 2530 ||| READING 4 scrolls labelled OFORUSO REKOQU.
  2531 | D:2      | 2531 ||| READING scroll labelled QEXANO LECU.
  2532 | D:2      | 2532 ||| DRINKING 2 viscous black potions.
  2533 | D:2      | 2533 ||| READING 3 scrolls of identify.
  2533 | D:2      | 2533 ||| IDENTIFYING lumpy purple potion
  2534 | D:2      | 2534 ||| READING 2 scrolls of identify.
  2534 | D:2      | 2534 ||| IDENTIFYING murky grey potion
  2535 | D:2      | 2535 ||| DROPPING potion of ambrosia.
  2536 | D:2      | 2536 ||| DROPPING potion of flight.
  2537 | D:2      | 2537 ||| DROPPING potion of magic.
  2578 | D:3      | 2578 ||| SWAPPING to +2 war axe of venom.
  2579 | D:3      | 2579 ||| DROPPING +0 vorpal war axe.
  2596 | D:3      | Slain by a gnoll

Levels and vault maps discovered:
D:1:      tarquinn_simple_flora_water_f, layout_basic
D:2:      kennysheep_six_static_rooms, layout_basic, basic_ecumenical_altar,
          chequers_serial_rivers_room_b, nicolae_elevator_lobby_asterisk
D:3:      layout_loops_corners, serial_shops, nicolae_shop_trees,
          hangedman_feature_mirror

Skill      XL: |  1  2  3  4 |
---------------+-------------+-----
Axes           | 3 4 |  4.2
Shields        | 1 |  1.0
Armour         | 2 |  2.0
Fighting       | |  2.0
Throwing       | |  1.0
Dodging        | |  2.1
Spellcasting   | |  2.0
Translocations | |  2.4

Action                   |  1- 3 |  4- 6 || total
-------------------------+-------+-------++-------
Melee: Hand axe          |    30 |       ||    30
       Peck              |    10 |       ||    10
       War axe           |    62 |    16 ||    78
       Kick              |    14 |     4 ||    18
Throw: Boomerang         |     7 |       ||     7
  Use: Potion            |     2 |     1 ||     3
       Scroll            |     1 |     4 ||     5
Armor: Leather armour    |     8 |       ||     8
       Plate armour      |    47 |    10 ||    57
Dodge: Dodged            |    27 |     5 ||    32
Block: Buckler           |    18 |     5 ||    23

Table legend:
 A = Non-vault XP
 B = Vault XP
 C = Vault XP percentage of total XP
 D = Non-vault monster count
 E = Vault monster count
 F = Vault count percentage of total count
                 A         B        C        D         E       F
            +---------+---------+-------+---------+---------+-------
      Total |     105 |      12 |  10.3 |      45 |       7 |  13.5
            +---------+---------+-------+---------+---------+-------
        D:1 |      20 |       0 |   0.0 |      13 |       0 |   0.0
        D:2 |      54 |      11 |  16.9 |      28 |       6 |  17.6
        D:3 |      31 |       1 |   3.1 |       4 |       1 |  20.0
            +---------+---------+-------+---------+---------+-------
